 Dungeon Crawl Stone Soup version 0.31-a0-237-g2d982f9f85 (webtiles) character file.

Game seed: 9215977987899815401

1325 qw the Skirmisher (level 8, -4/51 HPs)
             Began as a Gargoyle Hexslinger on July 11, 2023.
             Slain by a troll (5 damage)
             ... on level 6 of the Dungeon.
             The game lasted 00:01:58 (3998 turns).

qw the Skirmisher (Gargoyle Hexslinger)             Turns: 3998, Time: 00:01:59

Health: -4/51      AC: 12    Str: 11    XL:     8   Next: 60%
Magic:  9/9        EV: 12    Int: 15    God:
Gold:   226        SH:  0    Dex: 17    Spells: 8/9 levels left

rFire   . . .        Y - +1 sling
rCold   . . .        (no shield)
rNeg    + . .        i - +1 robe of Leapfrog {Fly Dex+3}
rPois   inf          j - +1 hat of the Present {rCorr}
rElec   +            (no cloak)
rCorr   +            (no gloves)
SInv    +            (no boots)
Will    .....        (no amulet)
Stlth   ++           g - ring of see invisible
HPRegen 1.08/turn    e - +4 ring of protection
MPRegen 0.11/turn

%: no passive effects
@: about to teleport, flying
A: sickness immunity, AC +5, negative energy resistance 1, electricity
resistance, torment resistance 1, petrification resistance, deformed body,
regeneration 1
a: no special abilities


You were on level 6 of the Dungeon.
You visited 2 branches of the dungeon, and saw 7 of its levels.

You collected 250 gold pieces.
You spent 24 gold pieces at shops.


Innate Abilities, Weirdness & Mutations

You are immune to sickness and miasma.
Your stone body is resilient. (AC +5)
You are immune to poison.
You resist negative energy. (rN+)
You are resistant to electric shocks. (rElec)
You are resistant to unholy torment.
You are immune to petrification.
Armour fits poorly on your strangely shaped body.
Your natural rate of healing is unusually fast.


   Skills:
 - Level 6.2 Fighting
 + Level 8.6 Ranged Weapons
 - Level 2.0 Dodging
 - Level 1.0 Spellcasting
 - Level 2.6 Hexes


You had 8 spell levels left.
You knew the following spells:

 Your Spells              Type           Power      Damage    Failure   Level
a - Slow                  Hex            32%        N/A       9%          1

Your spell library contained the following spells:

 Spells                   Type           Power      Damage    Failure   Level
 Inner Flame              Hex/Fire       4%         N/A       38%         3
 Portal Projectile        Hex/Tloc       8%         N/A       38%         3
 Cause Fear               Hex            4%         N/A       63%         4

Inventory:

Hand Weapons
 Y - a +1 sling (weapon)
Armour
 d - a +2 leather armour of cold resistance
 i - the +1 robe of Leapfrog (worn) {Fly Dex+3}
   (You found it on level 3 of the Dungeon)

   Dex:       It affects your dexterity (+3).
   Fly:       It grants you flight.
 j - the +1 hat of the Present (worn) {rCorr}
   (You found it on level 3 of the Dungeon)

   rCorr:     It protects you from acid and corrosion.
Jewellery
 e - a +4 ring of protection (right hand)
 g - a ring of see invisible (left hand)
Scrolls
 h - 6 scrolls of identify
Potions
 b - 2 potions of mutation
 c - a potion of curing

Dungeon Overview and Level Annotations

Branches:
Dungeon (6/15)             Temple (1/1) D:4

Altars:
Cheibriados
Dithmenos
Elyvilon
Fedhas
Gozag
Kikubaaqudgha
Ru
Sif Muna
Uskayaw
Wu Jian
Xom
Yredelemnul
The Shining One

Shops:
D:1 [[=   D:2 (

Annotations:
D:3 3 runed translucent doors, qw's ghost, amateur MiHs


Message History

You shoot a sling bullet. The sling bullet hits the troll.
The troll is heavily wounded.
The troll bites you! The troll claws you but does no damage.
The troll claws you.
You shoot a sling bullet.
The sling bullet hits the troll but does no damage.
The troll is heavily wounded.
The troll bites you. The troll claws you but does no damage.
The troll completely misses you.
You shoot a sling bullet.
The sling bullet hits the troll but does no damage.
The troll is heavily wounded.
The troll bites you!
The troll claws you but does no damage. x2
You shoot a sling bullet.
The sling bullet barely misses the troll.
The troll bites you. The troll closely misses you.
The troll claws you but does no damage.
You shoot a sling bullet. The sling bullet hits the troll!
The troll is severely wounded.
The troll misses you. The troll closely misses you. The troll misses you.
You shoot a sling bullet.
The sling bullet barely misses the troll.
The troll completely misses you. The troll claws you but does no damage.
The troll closely misses you.
You shoot a sling bullet. The sling bullet hits the troll.
The troll is severely wounded.
The troll bites you! The troll claws you.
The troll claws you but does no damage.
You shoot a sling bullet.
The sling bullet barely misses the troll.
The troll bites you. The troll claws you. The troll barely misses you.
3997 ||| READING scroll of teleportation.
As you read the scroll of teleportation, it crumbles to dust.
You feel strangely unstable. The troll bites you but does no damage.
The troll claws you but does no damage. The troll misses you.
You shoot a sling bullet.
The sling bullet barely misses the troll.
The troll closely misses you. The troll claws you. x2
You die...

.........# #.#
#.#.###.#######
.######### #.#
#.#...........# #.#
#.#...........# #.#
#.##.##.####..#
#.###.##.##.# #..#
#.##...#.##.# #..#
#......##.# #..#
##...#.##.# ##.#
###@.##....# #.#
#..T..#.#### #.#
##.......########.#
#.................#
#.......###.#####.#
#.....<.# #.# #.#
#.##.##%# #.# #.#
#. #.##.# #.# #.# #
#.# #.# #.#


You could see a troll.

Vanquished Creatures
  Grinder (D:3)
  Prince Ribbit (D:5)
  Sigmund (D:2)
  3 scorpions
  A jelly (D:5)
  2 orc priests (D:4)
  Jessica (D:2)
  2 iguanas
  Natasha (twice) (D:3)
  5 orc wizards
  2 hound zombies (D:3)
  6 gnolls
  7 adders
  An ufetubus (D:5)
  A dart slug (D:3)
  10 orcs
  7 ball pythons
  5 endoplasms
  7 giant cockroaches
  5 goblins
  6 hobgoblins
  4 jackals
  4 kobolds
  2 quokkas (D:5)
  A ball python zombie (D:3)
  2 bats
  3 frilled lizards (D:2)
  A quokka zombie (D:3)
  6 rats
99 creatures vanquished.

Notes
Turn   | Place    | Note
-------+----------+-------------------------------------------
     0 | D:1      | qw the Gargoyle Hexslinger began the quest for the Orb.
     0 | D:1      | Reached XP level 1. HP: 12/12 MP: 2/2
     0 | D:1      | 0 ||| qw: Version: 0.3-a-52-g30416fa
     0 | D:1      | 0 ||| qw: Game counter: 5694
     0 | D:1      | 0 ||| qw: Melee chars always use a shield: true
     0 | D:1      | 0 ||| qw: God list: Okawaru
     0 | D:1      | 0 ||| qw: Allow faded altars: false
     0 | D:1      | 0 ||| qw: Do Orc after clearing Dungeon:15 true
     0 | D:1      | 0 ||| qw: Do second Lair branch before Depths: true
     0 | D:1      | 0 ||| qw: Lair rune preference: random
     0 | D:1      | 0 ||| qw: Goals: Normal
     0 | D:1      | 0 ||| PLANNING D:1-11
    48 | D:1      | Found Hina's Jewellery Boutique.
    51 | D:1      | 51 ||| SHOPLISTING +5 ring of evasion (360 gold, have 16).
    51 | D:1      | 51 ||| SHOPLISTING amulet of Jaidull {Faith +Inv Slay+3}
                  | (666 gold, have 16).
    51 | D:1      | 51 ||| SHOPLISTING ring of fire (250 gold, have 16).
    51 | D:1      | 51 ||| SHOPLISTING ring of ice (250 gold, have 16).
    51 | D:1      | 51 ||| SHOPLISTING ring of protection from cold (250 gold,
                  | have 16).
   127 | D:1      | Found Ideekhobi's Armour Emporium.
   130 | D:1      | 130 ||| BUYING +0 leather armour (24 gold).
   130 | D:1      | Bought a +0 leather armour for 24 gold pieces
   130 | D:1      | 130 ||| SHOPLISTING +0 ring mail (48 gold, have 10).
   130 | D:1      | 130 ||| SHOPLISTING +2 robe of willpower (212 gold, have
                  | 10).
   233 | D:1      | Found Tihyurim's Armour Emporium.
   242 | D:1      | 242 ||| SHOPLISTING +0 pair of boots of flying (126 gold,
                  | have 10).
   242 | D:1      | 242 ||| SHOPLISTING +0 ring mail (44 gold, have 10).
   370 | D:1      | Reached XP level 2. HP: 16/16 MP: 3/3
   828 | D:1      | 828 ||| UPGRADING to +0 leather armour.
   838 | D:1      | 838 ||| DROPPING +0 robe.
   839 | D:1      | 839 ||| UPGRADING to ring of see invisible.
   840 | D:1      | 840 ||| READING scroll labelled BUMNU QA BOTU.
   841 | D:1      | 841 ||| READING scroll labelled KIUWNI CUGI.
   842 | D:1      | 842 ||| READING 2 scrolls labelled ZUM YMPERUCIENEI.
   846 | D:1      | 846 ||| DROPPING scroll of poison.
   922 | D:2      | Reached skill level 3 in Ranged Weapons
   972 | D:2      | Reached XP level 3. HP: 6/21 MP: 4/4
  1065 | D:2      | Noticed Sigmund
  1070 | D:2      | HP: 3/21 [Sigmund/+1 scythe of pain (10)]
  1073 | D:2      | 1073 ||| READING scroll of teleportation.
  1156 | D:2      | Found Cenu's Weapon Shoppe.
  1181 | D:2      | 1181 ||| DROPPING scarf of invisibility.
  1191 | D:2      | Noticed Jessica
  1194 | D:2      | Killed Jessica
  1195 | D:2      | Reached XP level 4. HP: 26/26 MP: 5/5
  1234 | D:2      | HP: 5/26 [Sigmund/puff of flame (5)]
  1236 | D:2      | Killed Sigmund
  1237 | D:2      | Reached skill level 5 in Ranged Weapons
  1237 | D:2      | Reached XP level 5. HP: 6/30 MP: 6/6
  1451 | D:2      | Reached XP level 6. HP: 35/35 MP: 7/7
  1722 | D:2      | 1722 ||| UPGRADING to +4 ring of protection.
  1723 | D:2      | 1723 ||| READING scroll labelled OLLUVV BURCHIEQ.
  1724 | D:2      | 1724 ||| READING 2 scrolls labelled VIZ PARAVIKO.
  1825 | D:2      | 1825 ||| READING scroll labelled NIUKHL ALUL.
  1826 | D:2      | 1826 ||| DRINKING 3 lumpy pink potions.
  1826 | D:2      | Gained mutation: Armour fits poorly on your strangely
                  | shaped body. [potion of mutation]
  1826 | D:2      | Gained mutation: Your natural rate of healing is unusually
                  | fast. [potion of mutation]
  1827 | D:2      | 1827 ||| DRINKING 2 pink potions.
  1828 | D:2      | 1828 ||| DROPPING scroll of silence.
  1875 | D:3      | Noticed Grinder
  1878 | D:3      | 1878 ||| FLEEEEING.
  1879 | D:3      | 1879 ||| FLEEEEING.
  1884 | D:3      | Paralysed by Grinder for 5 turns
  1901 | D:3      | Paralysed by Grinder for 3 turns
  1916 | D:3      | Killed Grinder
  1917 | D:3      | Reached XP level 7. HP: 30/44 MP: 8/8
  1952 | D:3      | Noticed qw's ghost (amateur MiHs)
  1971 | D:3      | Found a runed translucent gate.
  1971 | D:3      | Found a runed translucent gate.
  1971 | D:3      | Found a runed translucent gate.
  2057 | D:3      | Identified the +1 robe of Leapfrog {Fly Dex+3}
  2163 | D:3      | Found a basalt altar of Yredelemnul.
  2187 | D:3      | Identified the +1 hat of the Present {rCorr}
  2254 | D:3      | Noticed Natasha
  2270 | D:3      | Killed Natasha
  2271 | D:3      | Reached skill level 6 in Ranged Weapons
  2350 | D:3      | Found a glowing golden altar of the Shining One.
  2433 | D:3      | Noticed Natasha
  2456 | D:3      | Killed Natasha
  2494 | D:3      | 2494 ||| UPGRADING to +1 robe of Leapfrog {Fly Dex+3}.
  2504 | D:3      | 2504 ||| DROPPING +0 leather armour.
  2505 | D:3      | 2505 ||| UPGRADING to +1 hat of the Present {rCorr}.
  2510 | D:3      | 2510 ||| READING 5 scrolls of identify.
  2510 | D:3      | 2510 ||| IDENTIFYING silvery potion
  2511 | D:3      | 2511 ||| DROPPING potion of brilliance.
  2539 | D:4      | Found a staircase to the Ecumenical Temple.
  2540 | D:4      | 2540 ||| PLANNING TEMPLE
  2549 | Temple   | Entered the Ecumenical Temple
  2561 | Temple   | 2561 ||| PLANNING D:1-11
  2661 | D:4      | 2661 ||| Stepping ~*~*~tactically~*~*~ (outnumbered).
  2663 | D:4      | 2663 ||| Stepping ~*~*~tactically~*~*~ (outnumbered).
  2665 | D:4      | 2665 ||| Stepping ~*~*~tactically~*~*~ (outnumbered).
  2675 | D:4      | 2675 ||| DRINKING 2 potions of curing.
  2675 | D:4      | 2675 ||| (to cure confusion)
  2706 | D:4      | Reached skill level 7 in Ranged Weapons
  2774 | D:4      | Found a white marble altar of Elyvilon.
  3021 | D:5      | Entered Level 5 of the Dungeon
  3022 | D:5      | 3022 ||| PLANNING SEWER
  3059 | D:5      | Found a hide-covered altar of Uskayaw.
  3101 | D:5      | Reached XP level 8. HP: 41/48 MP: 9/9
  3109 | D:5      | Found an ornate altar of the Wu Jian Council.
  3403 | D:5      | Reached skill level 8 in Ranged Weapons
  3436 | D:5      | Noticed Prince Ribbit
  3445 | D:5      | Killed Prince Ribbit
  3446 | D:5      | Reached skill level 6 in Fighting
  3497 | D:5      | 3497 ||| FLEEEEING.
  3502 | D:5      | 3502 ||| FLEEEEING.
  3503 | D:5      | 3503 ||| FLEEEEING.
  3504 | D:5      | 3504 ||| FLEEEEING.
  3505 | D:5      | 3505 ||| FLEEEEING.
  3508 | D:5      | 3508 ||| FLEEEEING.
  3509 | D:5      | 3509 ||| FLEEEEING.
  3510 | D:5      | 3510 ||| FLEEEEING.
  3511 | D:5      | 3511 ||| FLEEEEING.
  3512 | D:5      | 3512 ||| FLEEEEING.
  3513 | D:5      | 3513 ||| FLEEEEING.
  3514 | D:5      | 3514 ||| FLEEEEING.
  3515 | D:5      | 3515 ||| FLEEEEING.
  3516 | D:5      | 3516 ||| FLEEEEING.
  3517 | D:5      | 3517 ||| FLEEEEING.
  3519 | D:5      | 3519 ||| FLEEEEING.
  3520 | D:5      | 3520 ||| FLEEEEING.
  3521 | D:5      | 3521 ||| FLEEEEING.
  3522 | D:5      | 3522 ||| FLEEEEING.
  3523 | D:5      | 3523 ||| FLEEEEING.
  3524 | D:5      | 3524 ||| FLEEEEING.
  3525 | D:5      | 3525 ||| FLEEEEING.
  3657 | D:5      | 3657 ||| RIP SEWER
  3667 | D:5      | 3667 ||| PLANNING D:1-11
  3797 | D:5      | 3797 ||| DROPPING scarf of harm.
  3877 | D:6      | 3877 ||| Stepping ~*~*~tactically~*~*~ (outnumbered).
  3880 | D:6      | 3880 ||| Stepping ~*~*~tactically~*~*~ (outnumbered).
  3981 | D:6      | Noticed a troll
  3996 | D:6      | HP: 8/51 [troll (6)]
  3996 | D:6      | HP: 3/51 [troll (5)]
  3997 | D:6      | 3997 ||| READING scroll of teleportation.
  3998 | D:6      | HP: 1/51 [troll (4)]
  3998 | D:6      | Slain by a troll

Levels and vault maps discovered:
D:1:      amcnicky_arrival_double_pillar, layout_loops_corners, serial_shops,
          shop, nicolae_shop_behind_doors, nicolae_shop_window_shopping
D:2:      layout_basic, serial_shops, nicolae_shop_tiny_statue_garden,
          kennysheep_potato, uniq_jessica, uniq_sigmund
D:3:      layout_basic, tso_metal_star, nicolae_yredelemnul_corpse_copse,
          gammafunk_ghost_split, minmay_misc_feat_doors, uniq_natasha,
          uniq_grinder
D:4:      layout_gridville, overflow_temple_1_default,
          minmay_temple_entry_glass, nicolae_nh_ransacked_shop
D:5:      layout_gridville, minitemple, gup_sewer_entry_bubbles,
          uniq_prince_ribbit1
D:6:      layout_loops_ring, nicolae_overflow_crystal_walls
Temple:   hellmonk_temple_rainy

Skill      XL: |  1  2  3  4  5  6  7  8 |
---------------+-------------------------+-----
Ranged Weapons | 3 5 7 8 |  8.6
Fighting       | 2 4 6 |  6.2
Dodging        | 2 |  2.0
Spellcasting   | |  1.0
Hexes          | |  2.6

Action                     |  1- 3 |  4- 6 |  7- 9 || total
---------------------------+-------+-------+-------++-------
   Fire: Sling             |    58 |    89 |   344 ||   491
    Use: Scroll            |     4 |     3 |     2 ||     9
         Potion            |       |     2 |     1 ||     3
 Armour: Robe              |     1 |       |   104 ||   105
         Leather armour    |    11 |    12 |    24 ||    47
  Dodge: Dodged            |    30 |    22 |   181 ||   233

Table legend:
 A = Non-vault XP
 B = Vault XP
 C = Vault XP percentage of total XP
 D = Non-vault monster count
 E = Vault monster count
 F = Vault count percentage of total count
                 A         B        C        D         E       F
            +---------+---------+-------+---------+---------+-------
      Total |     833 |    1060 |  56.0 |      83 |      16 |  16.2
            +---------+---------+-------+---------+---------+-------
        D:1 |      16 |       0 |   0.0 |       9 |       0 |   0.0
        D:2 |      61 |     255 |  80.7 |      24 |       4 |  14.3
        D:3 |      68 |     368 |  84.4 |      12 |       6 |  33.3
        D:4 |     215 |     151 |  41.3 |      16 |       5 |  23.8
        D:5 |     234 |     286 |  55.0 |      12 |       1 |   7.7
        D:6 |     239 |       0 |   0.0 |      10 |       0 |   0.0
            +---------+---------+-------+---------+---------+-------
